 Dungeon Crawl Stone Soup version 0.30-a0-777-ga9a30cbeda (webtiles) character file.

Game seed: 5702435533523517917

3490 browni3141 the Shooter (level 10, -4/85 HPs)
             Began as a Naga Warper on Feb 14, 2023.
             Was a Follower of Cheibriados.
             Slain by Grum
             ... wielding a -2 spear
              (16 damage)
             ... on level 8 of the Dungeon.
             The game lasted 00:23:08 (6967 turns).

browni3141 the Shooter (Naga Warper)                Turns: 6967, Time: 00:23:09

Health: -4/85      AC:  6    Str: 15    XL:     10   Next: 7%
Magic:  16/16      EV:  7    Int: 18    God:    Cheibriados [*.....]
Gold:   410        SH:  0    Dex: 21    Spells: 6/17 levels left

rFire   . . .      SeeInvis +    a - +0 sling
rCold   . . .      Faith    .    (no shield)
rNeg    . . .      Spirit   .    y - +1 robe {Archmagi}
rPois   +          Reflect  .    (no helmet)
rElec   .          Harm     .    (no cloak)
rCorr   .          Rampage  .    q - +0 pair of gloves
Will    ++...      Archmagi +    (no barding)
Stlth   +++                      x - amulet of regeneration
HPRegen 1.14/turn                I - ring of willpower
MPRegen 0.15/turn                v - +6 ring of dexterity

@: short of breath, grasped by roots, constricted, very slow
A: AC +3, large, see invisible, deformed body, poison resistance, slowness 2,
spit poison 1, naga tail 1
a: Spit Poison, Renounce Religion, Bend Time


You were on level 8 of the Dungeon.
You worshipped Cheibriados.
Cheibriados was aware of your devotion.
You visited 2 branches of the dungeon, and saw 9 of its levels.

You collected 509 gold pieces.
You spent 99 gold pieces at shops.

Inventory:

Hand Weapons
 a - a +0 sling (weapon)
 b - a +0 short sword of electrocution
 w - a +0 spear
Missiles
 d - 3 boomerangs of dispersal
 D - 4 boomerangs
 J - 2 silver boomerangs
Armour
 h - a +0 leather armour
 q - a +0 pair of gloves (worn)
 y - a +1 robe of the Archmagi (worn)
Jewellery
 l - a ring of flight
 u - an amulet of magic regeneration
 v - a +6 ring of dexterity (right hand)
 x - an amulet of regeneration (around neck)
 I - a ring of willpower (left hand)
Wands
 p - a wand of flame (16)
 C - a wand of roots (4)
Scrolls
 j - 4 scrolls of teleportation
 o - 2 scrolls of enchant armour
 r - a scroll of vulnerability
 s - a scroll of silence
 t - a scroll of immolation
 B - 2 scrolls of torment {unknown}
 G - a scroll of magic mapping {unknown}
 H - a scroll of poison {unknown}
 K - 2 scrolls of identify
 L - a scroll of amnesia {unknown}
 M - a scroll of noise {unknown}
 N - 3 scrolls of enchant weapon {unknown}
Potions
 c - 2 potions of degeneration
 e - 2 potions of attraction
 f - 2 potions of resistance
 g - a potion of mutation {unknown}
 i - a potion of might
 k - a potion of haste {unknown}
 m - a potion of invisibility {unknown}
 n - a potion of curing {unknown}
 z - a potion of heal wounds {unknown}
 A - a potion of berserk rage {unknown}
 E - a potion of flight {unknown}
 F - a potion of magic {unknown}


   Skills:
 - Level 4.0 Fighting
 - Level 3.0 Short Blades
 - Level 2.0 Polearms
 - Level 7.0 Ranged Weapons
 - Level 0.8 Throwing
 - Level 0.7 Armour
 - Level 1.5 Dodging
 * Level 4.9 Stealth
 - Level 4.0 Spellcasting
 - Level 6.0 Translocations
 - Level 2.0 Air Magic
 * Level 5.7 Invocations
 - Level 5.0 Evocations


You had 6 spell levels left.
You knew the following spells:

 Your Spells              Type           Power      Damage    Failure   Level
a - Blink                 Tloc           74%        N/A       1%          2
b - Apportation           Tloc           74%        N/A       1%          1
c - Lesser Beckoning      Tloc           74%        N/A       1%          2
d - Teleport Other        Tloc           37%        N/A       3%          3
e - Vhi's Electric Charg  Tloc/Air       54%        N/A       9%          3

Your spell library contained the following spells:

 Spells                   Type           Power      Damage    Failure   Level
 Manifold Assault         Tloc           37%        N/A       12%         4
 Magic Dart               Conj           20%        1d4       14%         1
 Necrotise                Necr           20%        1d5       14%         1
 Sting                    Tmut/Pois      20%        1d4       14%         1
 Summon Small Mammal      Summ           20%        N/A       14%         1
 Poisonous Vapours        Pois/Air       20%        N/A       14%         2
 Searing Ray              Conj           10%        2d4       22%         2
 Fulminant Prism          Conj/Hex       2%         3d5       82%         4
 Olgreb's Toxic Radiance  Pois           5%         N/A       82%         4


Dungeon Overview and Level Annotations

Branches:
Dungeon (8/15)             Temple (1/1) D:7
   Lair: D:8-11

Altars:
Cheibriados
Dithmenos
Elyvilon
Fedhas
Gozag
Hepliaklqana
Kikubaaqudgha
Makhleb
Nemelex Xobeh
Okawaru
Qazlal
Ru
Sif Muna
Trog
Uskayaw
Wu Jian
Xom
Yredelemnul
Zin
The Shining One

Shops:
D:2 ?   D:3 :

Annotations:
D:6 1 runed translucent door, Crazy Yiuf
D:7 2 transporters, TheSexyCheese's ghost, novice BaFi
D:8 Grum
Temple 2 transporters


Innate Abilities, Weirdness & Mutations

Your serpentine skin is tough. (AC +3)
You have supernaturally acute eyesight. (SInv)
Armour fits poorly on your strangely shaped body.
Your system is resistant to poisons. (rPois)
You cover ground very slowly.
You can spit poison.
You have a snake-like lower body.


Message History

The splash of poison hits Grum but does no damage.
Grum is severely wounded.
Grum hits you from afar with a -2 spear!
Aiming: Fastroot
Press: ? - help, Shift-Dir - straight line, f/p - wolf
Aim: a wolf The roots erupt in riotous growth!
Roots grab Grum.
Roots grab the wolf.
The grasping roots constrict Grum.
The grasping roots constrict the wolf.
Grum hits you from afar with a -2 spear!
* * * LOW HITPOINT WARNING * * *
Fire: a) +0 sling
Press: ? - help, Q - select action, (/) - cycle Shift-Dir - straight line, f/p - wolf
Aim: a wolf (moderately wounded, constricted by roots, 87% to hit)
Okay, then.
Fire: a) +0 sling
Press: ? - help, Q - select action, (/) - cycle Shift-Dir - straight line, f/p - wolf
Aim: a wolf (moderately wounded, constricted by roots, 87% to hit)
You shoot a sling bullet.
The sling bullet hits Grum but does no damage.
Grum is almost dead.
The grasping roots constrict Grum.
The grasping roots constrict the wolf!
The roots release their grip on Grum.
Grum zaps a wand.
The roots erupt in riotous growth!
The grasping roots grab you! The grasping roots constrict you!
* * * LOW HITPOINT WARNING * * *
Aiming: Throw Flame
Press: ? - help, Shift-Dir - straight line, f/p - wolf
Aim: a wolf (severely wounded, constricted by roots, 98% to hit)
The puff of flame hits Grum.
Grum is almost dead.
The grasping roots constrict the wolf!
You kill the wolf!
Cheibriados thoroughly appreciates the change of pace.
You can now bend time to slow others.
Cheibriados raises the support of your attributes as your movement slows.
Grum points his finger and barks, "Attack!"
Grum hits you from afar with a -2 spear!
You die...

...# ..# ..# ..#
#.# #†# #g#
#################.#
....<.........>.@.#
..................#
###################


You could see Grum (poisoned).

Vanquished Creatures
  A two-headed ogre (D:7)
  A manticore (D:6)
  Prince Ribbit (D:6)
  A wyvern (D:7)
  An orc warrior (D:6)
  4 black bears
  A sky beast (D:7)
  2 wolves (D:8)
  2 ogres (D:6)
  3 phantoms
  Blork the orc (D:4)
  3 bullfrogs (D:7)
  A kobold brigand (D:7)
  A necrophage (D:4)
  A scorpion (D:5)
  A water moccasin zombie (D:4)
  A wight (D:4)
  2 bullfrog zombies (D:4)
  A jelly (D:4)
  2 hounds
  A human zombie (D:4)
  An orc priest (D:6)
  Terence (D:2)
  2 iguanas
  A scorpion zombie (D:4)
  3 orc wizards
  A hound zombie (D:4)
  3 mummies (D:4)
  4 gnolls (D:7)
  9 adders
  A shadow imp (D:6)
  A white imp (D:6)
  An ufetubus (D:4)
  5 worms
  A dart slug (D:3)
  5 orcs
  7 bats
  6 endoplasms
  A giant cockroach (D:2)
  10 goblins
  5 hobgoblins
  11 kobolds
  6 quokkas
  3 ball pythons
  A quokka zombie (D:4)
  3 rats
124 creatures vanquished.

Vanquished Creatures (others)
  4 fungi (D:2)
  A plant (D:2)
5 creatures vanquished.

Grand Total: 129 creatures vanquished

Notes
Turn   | Place    | Note
-------+----------+-------------------------------------------
     0 | D:1      | browni3141 the Naga Warper began the quest for the Orb.
     0 | D:1      | Reached XP level 1. HP: 19/19 MP: 3/3
    51 | D:1      | Reached skill level 1 in Stealth
   178 | D:1      | Reached XP level 2. HP: 26/26 MP: 5/5
   277 | D:1      | Learned a level 2 spell: Blink
   833 | D:2      | Noticed Terence
  1024 | D:2      | Reached XP level 3. HP: 32/32 MP: 6/6
  1177 | D:2      | Found Orastu's Magic Scroll Shop.
  1186 | D:2      | Bought a scroll of teleportation for 33 gold pieces
  1186 | D:2      | Bought a scroll of identify for 22 gold pieces
  1189 | D:2      | Bought a scroll of identify for 22 gold pieces
  1207 | D:2      | Found a glowing golden altar of the Shining One.
  1264 | D:2      | Became a worshipper of the Shining One
  1662 | D:2      | Found a faded altar of an unknown god.
  1840 | D:2      | Bought a scroll of identify for 22 gold pieces
  1879 | D:3      | Reached skill level 1 in Short Blades
  1879 | D:3      | Reached XP level 4. HP: 37/39 MP: 7/7
  2039 | D:3      | Found a hide-covered altar of Uskayaw.
  2041 | D:3      | Found a bloodstained altar of Trog.
  2504 | D:3      | Found Ruzesk's Vocational Training.
  2514 | D:3      | Reached XP level 5. HP: 41/45 MP: 8/8
  2640 | D:4      | Noticed a phantom
  2811 | D:4      | Reached skill level 1 in Ranged Weapons
  2883 | D:4      | Reached skill level 2 in Ranged Weapons
  3095 | D:4      | Noticed Blork the orc
  3110 | D:4      | Killed a phantom
  3111 | D:4      | Reached skill level 3 in Ranged Weapons
  3111 | D:4      | Reached XP level 6. HP: 31/52 MP: 9/9
  3113 | D:4      | Killed Blork the orc
  3118 | D:4      | Reached skill level 4 in Ranged Weapons
  3468 | D:4      | Reached XP level 7. HP: 59/60 MP: 10/10
  3469 | D:4      | Reached * piety under the Shining One
  3589 | D:4      | Reached skill level 5 in Ranged Weapons
  3780 | D:4      | Found an ancient bone altar of Kikubaaqudgha.
  3884 | D:4      | Reached skill level 1 in Invocations
  4035 | D:5      | Entered Level 5 of the Dungeon
  4826 | D:2      | Killed Terence
  4827 | D:2      | Reached XP level 8. HP: 65/72 MP: 11/11
  5142 | D:6      | Reached skill level 5 in Invocations
  5185 | D:6      | Reached ** piety under the Shining One
  5331 | D:6      | Noticed Prince Ribbit
  5342 | D:6      | Killed Prince Ribbit
  5405 | D:6      | Found a runed translucent door.
  5406 | D:6      | Noticed Crazy Yiuf
  5598 | D:6      | Noticed a manticore
  5605 | D:6      | Reached skill level 5 in Evocations
  5610 | D:6      | Killed a manticore
  5611 | D:6      | Reached skill level 6 in Ranged Weapons
  5611 | D:6      | Reached XP level 9. HP: 24/78 MP: 5/12
  5942 | D:6      | Learned a level 1 spell: Apportation
  5945 | D:6      | Learned a level 2 spell: Lesser Beckoning
  5949 | D:6      | Learned a level 3 spell: Teleport Other
  5953 | D:6      | Learned a level 3 spell: Vhi's Electric Charge
  6109 | D:7      | Reached skill level 1 in Air Magic
  6152 | D:7      | Noticed a two-headed ogre
  6165 | D:7      | Killed a two-headed ogre
  6166 | D:7      | Reached skill level 7 in Ranged Weapons
  6166 | D:7      | Reached skill level 5 in Translocations
  6259 | D:7      | Found a staircase to the Ecumenical Temple.
  6265 | Temple   | Entered the Ecumenical Temple
  6265 | Temple   | Found a transporter.
  6265 | Temple   | Found a transporter.
  6267 | Temple   | Found a transporter.
  6267 | Temple   | Found a transporter.
  6285 | Temple   | Fell from the grace of the Shining One
  6285 | Temple   | Became a worshipper of Cheibriados the Contemplative
  6462 | D:7      | Reached XP level 10. HP: 83/85 MP: 15/15
  6579 | D:7      | Found a transporter.
  6582 | D:7      | Noticed a skeletal warrior
  6583 | D:7      | Found a transporter.
  6583 | D:7      | Noticed TheSexyCheese's ghost (novice BaFi)
  6950 | D:8      | Noticed Grum
  6967 | D:8      | Reached * piety under Cheibriados
  6967 | D:8      | Slain by Grum

Illustrated notes

Levels and vault maps discovered:
D:1:      kennysheep_arrival_seaside, layout_rooms,
          hangedman_decor_clover_reticule, minmay_pentomino_t2
D:2:      layout_loops_corners, serial_shops, nicolae_diamond_shop, basic_altar,
          shapermc_ecumenical_altar_acropolis, minivault_5, uniq_terence
D:3:      layout_rooms, jmf_multi_god_temple, nrook_mini_backslash,
          nicolae_shop_vocational
D:4:      minmay_inner_zag, layout_rooms, lemuel_mausoleum_altar_kikubaaqudgha,
          uniq_blork_the_orc
D:5:      layout_gridville
D:6:      layout_basic, grunt_ministairs_2, fountainhead,
          nicolae_nh_ransacked_shop, uniq_prince_ribbit1,
          uniq_crazy_yiuf_cottage
D:7:      layout_cave_pods, minmay_temple_entry_enclosed_plants,
          gammafunk_ghost_arena
D:8:      layout_basic, serial_park_tiny_1, centaur_isle, uniq_grum
Temple:   hellmonk_temple_divided_pantheon

Skill      XL: |  1  2  3  4  5  6  7  8  9 10 |
---------------+-------------------------------+-----
Stealth        | 2 3 4 |  4.9
Translocations | 4 6 |  6.0
Short Blades   | 1 2 3 |  3.0
Ranged Weapons | 3 4 5 6 7 |  7.0
Fighting       | 4 |  4.0
Invocations    | 3 5 |  5.7
Evocations     | 5 |  5.0
Air Magic      | 2 |  2.0
Spellcasting   | 3 4 |  4.0
Polearms       | |  2.0
Throwing       | |  0.8
Armour         | |  0.7
Dodging        | |  1.5

Action                     |  1- 3 |  4- 6 |  7- 9 | 10-12 || total
---------------------------+-------+-------+-------+-------++-------
  Melee: Spear             |     2 |       |       |       ||     2
         Short sword       |    47 |   111 |   166 |    20 ||   344
         Punch             |       |     1 |     6 |       ||     7
   Fire: Sling             |       |    22 |    89 |    30 ||   141
  Throw: Boomerang         |     4 |       |       |       ||     4
   Cast: Blink             |       |     3 |    10 |       ||    13
         Teleport Other    |       |       |     1 |       ||     1
 Invoke: Divine Shield     |       |       |     3 |       ||     3
Ability: Spit Poison       |    37 |    32 |    13 |     7 ||    89
  Evoke: Wand              |       |     3 |    11 |     3 ||    17
    Use: Scroll            |     6 |     2 |     2 |       ||    10
         Potion            |       |     1 |       |       ||     1
   Stab: Sleeping          |     1 |       |       |       ||     1
 Armour: Leather armour    |    20 |    37 |       |       ||    57
         Robe              |       |    13 |    56 |    11 ||    80
  Dodge: Dodged            |    25 |    57 |    84 |    13 ||   179
  Block: Other             |       |       |    11 |       ||    11

Table legend: (Time is in decaauts)
 A = Elapsed time spent in this place.
 B = Non-inter-level travel time spent in this place.
 C = Inter-level travel time spent in this place.
 D = Time resting spent in this place.
 E = Time spent auto-exploring this place.
 F = Levels seen in this place.
 G = Mean time per level.
                   A        B        C        D        E       F      G
               +--------+--------+--------+--------+--------+-----+--------+
         Total |   9059 |   8466 |    593 |    731 |   6293 |   9 | 1006.6 |
       Dungeon |   9005 |   8437 |    568 |    731 |   6291 |   8 | 1125.6 |
        Temple |     54 |     30 |     24 |      0 |      2 |   1 |   54.0 |
               +--------+--------+--------+--------+--------+-----+--------+

Top non-repeatable levels by time:
     D:2: 1672 daAuts
     D:4: 1594 daAuts
     D:7: 1408 daAuts
     D:6: 1254 daAuts
     D:1: 1125 daAuts
     D:3: 1087 daAuts
     D:5: 819 daAuts
  Temple: 54 daAuts
     D:8: 43 daAuts
